 Dungeon Crawl Stone Soup version 0.28-a0-863-g8cecda6153 (webtiles) character file.

Game seed: 1574325064520302649

1424 Encipher the Martial Artist (level 8, -1/63 HPs)
             Began as a Grey Draconian Transmuter on Nov 17, 2021.
             Was an Initiate of Wu Jian.
             Slain by a killer bee zombie (5 damage)
             ... on level 6 of the Dungeon.
             The game lasted 00:20:35 (5965 turns).

Encipher the Martial Artist (DrTm)                  Turns: 5965, Time: 00:20:35

Health: -1/63      AC:  2    Str: 13    XL:     8   Next: 44%
Magic:  1/11       EV: 20    Int: 14    God:    Wu Jian [......]
Gold:   358        SH:  0    Dex: 18    Spells: 5/11 levels left

rFire   . . .      SeeInvis .     - Unarmed
rCold   + . .      Faith    .   (shield currently unavailable)
rNeg    . . .      Spirit   .   (armour unavailable)
rPois   x          Reflect  .   (helmet currently unavailable)
rElec   .          Harm     .   (cloak currently unavailable)
rCorr   .          Rampage  .   (gloves currently unavailable)
Will    .....                   (boots currently unavailable)
Stlth   ++........              q - amulet of the acrobat
HPRegen 0.20/turn               g - ring of protection from cold
MPRegen 0.12/turn               (no ring)

@: spider-form (expiring)
A: venomous fangs, AC +11, (amphibious), tiny, unfitting armour, (cold-blooded)
a: End Transformation, Renounce Religion


You were on level 6 of the Dungeon.
You worshipped Wu Jian.
Wu Jian was noncommittal.
You were a venomous arachnid creature.
You visited 2 branches of the dungeon, and saw 7 of its levels.

You collected 358 gold pieces.

Inventory:

Missiles
 a - 106 stones
 n - 4 poisoned darts (quivered)
Armour
 e - a +0 hat (melded)
Jewellery
 g - a ring of protection from cold (left front leg)
 q - an amulet of the acrobat (around neck)
Scrolls
 b - 2 scrolls of noise {unknown}
 c - 2 scrolls of teleportation {unknown}
 d - 4 scrolls of identify {unknown}
 i - a scroll of fog {unknown}
 k - a scroll of holy word {unknown}
 l - a scroll of acquirement {unknown}
 p - 2 scrolls of blinking {unknown}
Potions
 h - 2 potions of haste {unknown}
 j - 2 potions of curing {unknown}
 m - 2 potions of invisibility {unknown}
 o - a potion of mutation {unknown}
 r - a potion of resistance {unknown}
 s - a potion of brilliance {unknown}
 t - a potion of ambrosia {unknown}


   Skills:
 - Level 3.0 Fighting
 - Level 3.0 Dodging
 + Level 9.6 Unarmed Combat
 - Level 2.0 Spellcasting
 - Level 4.0 Transmutations


You had 5 spell levels left.
You knew the following spells:

 Your Spells              Type           Power      Damage    Failure   Level
a - Beastly Appendage     Tmut           24%        N/A       14%         1
b - Wereblood             Tmut           12%        N/A       19%         2
c - Spider Form           Tmut/Pois      7%         N/A       52%         3

Your spell library contained the following spells:

 Spells                   Type           Power      Damage    Failure   Level
 Summon Small Mammal      Summ           4%         N/A       45%         1
 Ice Form                 Ice/Tmut       7%         N/A       87%         4


Dungeon Overview and Level Annotations

Branches:
Dungeon (6/15)             Temple (1/1) D:5

Altars:
Ashenzari
Cheibriados
Dithmenos
Elyvilon
Fedhas
Gozag
Hepliaklqana
Makhleb
Nemelex Xobeh
Okawaru
Qazlal
Trog
Uskayaw
Vehumet
Wu Jian
Yredelemnul
The Shining One

Shops:
D:1 (   D:5 [

Annotations:
D:5 3 runed translucent doors, horus123's ghost, novice HuTm


Innate Abilities, Weirdness & Mutations

You are a venomous arachnid creature.
You have poisonous fangs.
You are tiny and dextrous.
Your spellcasting is less reliable in this form.
Your armour is entirely melded.
You are incapable of wielding weapons or throwing items.
((Your dull iron-grey scales are very hard. (AC +11)))
((You are amphibious.))
You cannot fit into any form of body armour.
((You are cold-blooded and may be slowed by cold attacks.))


Message History

You feel a bit better.
You kill the orc!
The Council accepts your kill.
Things that are here:
a +0 hand axe; a +0 dagger; a +0 robe You hiss as the wereblood boils in your veins!
The orc throws a boomerang.
The boomerang completely misses you.
Your transformation is almost over.
Your primal bloodlust has ended.
The orc throws a boomerang.
The boomerang completely misses you.
You hit the killer bee zombie.
The killer bee zombie is moderately damaged.
The killer bee zombie hits you.
* * * LOW HITPOINT WARNING * * *
The killer bee zombie misses you.
You barely miss the killer bee zombie.
The killer bee zombie is moderately damaged.
The killer bee zombie completely misses you.
You completely miss the killer bee zombie.
The killer bee zombie is moderately damaged.
The killer bee zombie completely misses you.
The killer bee zombie closely misses you.
You bite the killer bee zombie!
The killer bee zombie is heavily damaged.
You bite the orc!
You kill the orc!
The Council accepts your kill.
Your transformation has ended.
Your +0 hat unmelds from your body.
The killer bee zombie hits you.
* * * LOW HITPOINT WARNING * * *
Casting: Spider Form (dangerous; 30% risk of failure)
Confirm with . or Enter, or press ? or * to list all spells.
You turn into a venomous arachnid creature.
Your +0 hat melds into your body.
Your transformation is almost over.
The killer bee zombie closely misses you.
You hit the killer bee zombie.
The killer bee zombie is severely damaged.
The killer bee zombie hits you.
You die...

#o #.# oo #># ..# #o
#.# ..# ##o #.# ..# ..
#.# ..# #. #.# #####.#
..###..
.###.###)###......
.....
......)))....#######..#
.##..###.......Zs.....#
.....##############...#
..... ....## #.###
###.. ##...## #.#
.$.##.....## #.#
....#.......######.#
##.##..............#
#.##.......########
#.........##


You could see a killer bee zombie.

Vanquished Creatures
  Sigmund (D:4)
  Eustachio (D:4)
  Menkaure (D:6)
  A water moccasin (D:5)
  An orc warrior (D:6)
  An ogre (D:5)
  A necrophage (D:4)
  A phantom (D:4)
  A wyvern zombie (D:5)
  A bullfrog zombie (D:5)
  A hound (D:5)
  2 orc priests
  A centaur skeleton (D:4)
  3 iron imps (D:3)
  An orc wizard (D:6)
  2 iguanas (D:5)
  A scorpion zombie (D:5)
  Robin (D:3)
  3 gnolls (D:2)
  A howler monkey skeleton (D:4)
  4 adders
  5 dart slugs
  15 orcs
  8 ball pythons
  7 endoplasms
  A giant cockroach (D:3)
  14 goblins
  13 hobgoblins
  5 jackals
  5 kobolds
  4 quokkas
  7 bats
  4 frilled lizards
  4 rats
122 creatures vanquished.

Vanquished Creatures (others)
  A fungus (D:1)
1 creature vanquished.

Grand Total: 123 creatures vanquished

Notes
Turn   | Place    | Note
-------+----------+-------------------------------------------
     0 | D:1      | Encipher the Draconian Transmuter began the quest for the
                  | Orb.
     0 | D:1      | Reached XP level 1. HP: 16/16 MP: 3/3
   169 | D:1      | Reached XP level 2. HP: 16/23 MP: 3/5
   377 | D:1      | Found a faded altar of an unknown god.
   382 | D:1      | Got Plato's Incunabulum of the Warrior-Mage
   434 | D:1      | Found Kuroogre's Antique Weapon Shop.
   570 | D:1      | Reached skill level 4 in Unarmed Combat
   773 | D:1      | Reached XP level 3. HP: 24/28 MP: 4/6
  1275 | D:1      | Learned a level 2 spell: Wereblood
  1279 | D:1      | Learned a level 3 spell: Spider Form
  1461 | D:2      | Reached skill level 5 in Unarmed Combat
  1461 | D:2      | Reached XP level 4. HP: 23/35 MP: 4/7
  2118 | D:3      | Noticed Robin
  2131 | D:3      | Killed Robin
  2227 | D:3      | Reached XP level 5. HP: 34/40 MP: 6/8
  2535 | D:3      | Found a bloodstained altar of Trog.
  2672 | D:3      | Reached skill level 6 in Unarmed Combat
  3175 | D:3      | Found a burning altar of Makhleb.
  3481 | D:4      | Found a hazy altar of Hepliaklqana.
  3501 | D:4      | Noticed Sigmund
  3536 | D:4      | Killed Sigmund
  3537 | D:4      | Reached XP level 6. HP: 31/51 MP: 2/9
  3656 | D:4      | Noticed Eustachio
  3668 | D:4      | Killed Eustachio
  3669 | D:4      | Your scales start taking on a dull iron-grey colour.
  3669 | D:4      | Reached XP level 7. HP: 49/57 MP: 6/10
  4043 | D:4      | Reached skill level 7 in Unarmed Combat
  4240 | D:5      | Entered Level 5 of the Dungeon
  4240 | D:5      | Found Enu Qyny's Armour Boutique.
  4329 | D:5      | Reached skill level 8 in Unarmed Combat
  4686 | D:5      | Reached XP level 8. HP: 52/63 MP: 7/11
  5058 | D:5      | Found a runed translucent gate.
  5058 | D:5      | Found a runed translucent gate.
  5058 | D:5      | Found a runed translucent gate.
  5069 | D:5      | Noticed horus123's ghost (novice HuTm)
  5316 | D:5      | Found a staircase to the Ecumenical Temple.
  5324 | Temple   | Entered the Ecumenical Temple
  5557 | Temple   | Became a worshipper of the Wu Jian Council
  5684 | D:5      | Found a radiant altar of Vehumet.
  5920 | D:6      | Noticed Menkaure
  5935 | D:6      | Killed Menkaure
  5936 | D:6      | Reached skill level 9 in Unarmed Combat
  5965 | D:6      | Slain by a killer bee zombie

Illustrated notes

Levels and vault maps discovered:
D:1:      dpeg_arrival_round_a, layout_loops_cross, serial_shops,
          nicolae_shop_advertising_works [nicolae_subvault_shop_adworks],
          shapermc_ecumenical_altar_rom_forum, chequers_serial_rivers_micro_b,
          st_stairs_1, minmay_misc_feat_secret_circle
D:2:      layout_rooms, chequers_serial_rivers_small_3, minmay_misc_feat_plants
D:3:      layout_basic, demons_altar, old_standard_altar, uniq_robin
D:4:      layout_basic, nicolae_hepliaklqana_hazy_memory, uniq_eustachio,
          uniq_sigmund
D:5:      kennysheep_spiral_hall, layout_cave_pools,
          mainiacjoe_overflow_surrounded_room, minmay_temple_entry_slanted,
          gammafunk_ghost_necromancy, serial_shops, shop
D:6:      layout_loops_ring, minmay_increasing_density, uniq_menkaure
Temple:   nicolae_temple_figure_eight

Skill      XL: |  1  2  3  4  5  6  7  8 |
---------------+-------------------------+-----
Unarmed Combat | 4 5 6 8 9 |  9.6
Transmutations | 4 |  4.0
Fighting       | 3 |  3.0
Dodging        | 3 |  3.0
Spellcasting   | |  2.0

Action                   |  1- 3 |  4- 6 |  7- 9 || total
-------------------------+-------+-------+-------++-------
Melee: Unarmed           |   120 |   153 |   117 ||   390
       Kick              |    12 |    10 |       ||    22
       Tailslap          |    10 |    13 |     4 ||    27
       Punch             |     2 |     2 |     1 ||     5
       Headbutt          |     9 |     6 |       ||    15
 Cast: Beastly Appendage |    15 |    12 |     2 ||    29
       Wereblood         |     3 |     4 |     7 ||    14
       Spider Form       |       |     2 |    16 ||    18
  Use: Potion            |       |       |     3 ||     3
 Stab: Sleeping          |       |     2 |       ||     2
Armor: Skin              |    43 |    43 |    20 ||   106
Dodge: Dodged            |    87 |    75 |    71 ||   233

Table legend: (Time is in decaauts)
 A = Elapsed time spent in this place.
 B = Non-inter-level travel time spent in this place.
 C = Inter-level travel time spent in this place.
 D = Time resting spent in this place.
 E = Time spent auto-exploring this place.
 F = Levels seen in this place.
 G = Mean time per level.
                   A        B        C        D        E       F      G
               +--------+--------+--------+--------+--------+-----+--------+
         Total |   5930 |   5474 |    456 |   1097 |   2212 |   7 |  847.1 |
       Dungeon |   5676 |   5260 |    416 |   1097 |   2001 |   6 |  946.0 |
        Temple |    253 |    213 |     40 |      0 |    211 |   1 |  253.0 |
               +--------+--------+--------+--------+--------+-----+--------+

Top non-repeatable levels by time:
     D:5: 1372 daAuts
     D:1: 1276 daAuts
     D:3: 1251 daAuts
     D:4: 882 daAuts
     D:2: 810 daAuts
  Temple: 253 daAuts
     D:6: 83 daAuts
